 Dungeon Crawl Stone Soup version 0.31-a0-339-gda1cbd555d (webtiles) character file.

Game seed: 2144329399789968711

556 kae the Changeling (level 7, -2/62 HPs)
             Began as a Naga Shapeshifter on July 20, 2023.
             Was an Initiate of Cheibriados.
             Slain by a troll (13 damage)
             ... in the Ecumenical Temple.
             The game lasted 00:05:59 (4423 turns).

kae the Changeling (Naga Shapeshifter)              Turns: 4423, Time: 00:06:00

Health: -2/62      AC:  3    Str: 18 (19) XL:     7   Next: 30%
Magic:  7/7        EV: 10    Int:  7 (9)  God:    Cheibriados [......]
Gold:   176        SH:  0    Dex: 13 (14) Spells: 6/6 levels left

rFire   . .          .
                       - Unarmed
rCold   . . .        (no shield)
rNeg    . . .        a - +0 animal skin
rPois   +            (helmet currently unavailable)
rElec   .            (cloak currently unavailable)
rCorr   .            (gloves currently unavailable)
SInv    +            (no barding)
Will    .....        g - amulet of regeneration
Stlth   +            (no ring)
HPRegen 1.10/turn    (no ring)
MPRegen 0.10/turn

%: no passive effects
@: short of breath, beast-form, very slow
A: beast (slay +3), AC +2, large, see invisible, deformed body, poison
resistance, slowness 2, spit poison 1, naga tail 1
a: Spit Poison, Begin Untransformation, Renounce Religion


You were in the Ecumenical Temple.
You worshipped Cheibriados.
Cheibriados was noncommittal.
You were a hulking beast.
You visited 2 branches of the dungeon, and saw 7 of its levels.

You collected 176 gold pieces.


Innate Abilities, Weirdness & Mutations

You are a hulking beast.
Your limbs bulge with bestial killing power. (Slay +3)
Your serpentine skin is tough. (AC +2)
You have supernaturally acute eyesight. (SInv)
Armour fits poorly on your strangely shaped body.
Your system is resistant to poisons. (rPois)
You cover ground very slowly.
You can spit poison.
You have a snake-like lower body.


   Skills:
 + Level 3.3 Fighting
 + Level 3.1 Dodging
 + Level 0.0 Stealth
 + Level 4.4 Unarmed Combat
 + Level 0.0 Invocations
 * Level 5.0 Shapeshifting


You had 6 spell levels left.
You didn't know any spells.
Your spell library contained the following spells:

 Spells                   Type           Power      Damage    Failure   Level
 Shock                    Conj/Air       0%         1d3       43%         1
 Slow                     Hex            0%         N/A       43%         1
 Summon Small Mammal      Summ           0%         N/A       43%         1
 Blink                    Tloc           0%         N/A       56%         2
 Lesser Beckoning         Tloc           0%         N/A       56%         2
 Momentum Strike          Conj/Tloc      0%         3d8       56%         2
 Call Canine Familiar     Summ           0%         N/A       80%         3
 Confusing Touch          Hex            0%         N/A       80%         3
 Summon Guardian Golem    Hex/Summ       0%         N/A       80%         3
 Swiftness                Air            0%         N/A       80%         3
 Vampiric Draining        Necr           0%         2d6       80%         3
 Airstrike                Air            0%         2d(0-16)  99%         4
 Haunt                    Necr/Summ      0%         N/A       100%        7
 Borgnjor's Revivificati  Necr           0%         N/A       100%        8
 Death's Door             Necr           0%         N/A       100%        9

Inventory:

Missiles
 e - 9 poisoned darts
 f - 50 stones
Armour
 a - a +0 animal skin (worn)
Magical Staves
 n - a staff of conjuration {!a}
   (You found it on level 1 of the Dungeon)
Jewellery
 d - an amulet of magic regeneration
   (You found it on level 1 of the Dungeon)
 g - an amulet of regeneration (around neck)
   (You found it on level 5 of the Dungeon)
 h - an amulet of reflection
   (You found it on level 1 of the Dungeon)
 v - a ring of see invisible
   (You found it on level 3 of the Dungeon)
Talismans
 c - a beast talisman
Wands
 m - a wand of polymorph (1)
   (You took it off Eustachio on level 5 of the Dungeon)
 o - a wand of flame (14)
   (You found it on level 5 of the Dungeon)
Potions
 k - a potion of degeneration {!q}

Dungeon Overview and Level Annotations

Branches:
Dungeon (6/15) Zot: 40404  Temple (1/1) D:6 Zot: 8944

Altars:
Ashenzari
Cheibriados
Elyvilon
Fedhas
Gozag
Hepliaklqana
Kikubaaqudgha
Makhleb
Nemelex Xobeh
Okawaru
Ru
Trog
Uskayaw
Xom
Yredelemnul
Zin

Annotations:
D:5 Ijyb

####### ######### #######
......### ###.......### ###......
_..._...###..._..._...###..._..._
.........#.............#.........
........###......T....###........
.._.............h............._..
........###...........###........
.........#.............#.........
_..._...###..._..._...###..._..._
......### ###.......### ###......
####### ######### #######


You could see a troll.


Message History

The ogre shouts!
Aiming: Spit Poison (1% risk of failure)
Press: ? - help, Shift-Dir - straight line, f - ogre
Aim: an ogre, wielding a +0 giant spiked club (81% to hit)
The splash of poison hits the ogre!
Aiming: Throw Flame
Press: ? - help, Shift-Dir - straight line, f/p - ogre
Aim: an ogre, wielding a +0 giant spiked club (moderately wounded, 85% to hit)
The puff of flame hits the ogre!
Aiming: Throw Flame
Press: ? - help, Shift-Dir - straight line, f/p - ogre
Aim: an ogre, wielding a +0 giant spiked club (severely wounded, 85% to hit)
The puff of flame hits the ogre.
You have got your breath back.
You punch the ogre!
You kill the ogre!
You feel your intelligence returning.
Your Shapeshifting skill increases to level 5!
Unknown command.
A troll comes into view.
You see here a +0 giant spiked club.
There is a stone staircase leading up here.
Found a stone staircase leading down.
Found a staircase to the Ecumenical Temple.
You hear the slow hiss of an avalanche of sand nearby.
The troll shouts!
You hear an angry hiss.
There is a fountain of clear blue water here.
Unknown command.
A wyvern comes into view.
Unknown command.
There is a staircase to the Ecumenical Temple here.
You climb downwards.
Welcome to the Ecumenical Temple!
Found four altars.
Found a staircase back to the Dungeon.
There is a staircase back to the Dungeon here.
Found three altars.
Found a sacrificial altar of Ru and an ancient bone altar of Kikubaaqudgha.
There is a snail-covered altar of Cheibriados here.
You coil in front of the altar of Cheibriados.
Cheibriados welcomes you!
Cheibriados begins to support your attributes as your movement slows.
Cheibriados is now slowing the effects of poison on you.
Unknown command.
Press < or > to pray at altars.
There is a staircase back to the Dungeon here.
You don't know any spells.
Unknown command.
Okay, then.
You aren't carrying any scrolls.
Unknown command.
Okay, then.
Okay, then.
Unknown command.
You aren't carrying any scrolls.
Okay, then.
You don't know any spells.
Unknown command.
Okay, then.
You climb upwards.
Welcome back to the Dungeon!
You hear the hiss of flowing sand.
There is an entrance to an ossuary on this level.
Hurry and find it before the portal is buried!
You hear the slow hiss of an avalanche of sand nearby.
The troll bites you! The troll claws you. The troll claws you!
There is a staircase to the Ecumenical Temple, spattered with blood here.
Unknown command.
Unknown command. 😮 HP[-27]
You take 27 damage, and now have 35/62 hp.
MASSIVE DAMAGE!! (PAUSE) Unknown command.
The troll bites you. The troll closely misses you. x2
You climb downwards.
Welcome back to the Ecumenical Temple!
There is a staircase back to the Dungeon here. 😮 HP[+1]
You barely miss the troll. The troll barely misses you.
The troll closely misses you. The troll claws you.
Unknown command.
Aiming: Spit Poison (1% risk of failure)
Press: ? - help, Shift-Dir - straight line, f - troll
Aim: a troll (59% to hit)
The splash of poison hits the troll!
The troll closely misses you. The troll claws you. The troll claws you!
* * * LOW HITPOINT WARNING * * *
😨 HP[-12]
You take 12 damage, and now have 24/62 hp.
Unknown command.
Okay, then.
You hit the troll. You punch the troll. The troll barely misses you. x2
The troll claws you.
* * * LOW HITPOINT WARNING * * *
😨 HP[-3]
You take 3 damage, and now have 21/62 hp.
Unknown command.
You hit the troll but do no damage. The troll bites you.
* * * LOW HITPOINT WARNING * * *
The troll misses you. The troll claws you!
* * * LOW HITPOINT WARNING * * *
😱 HP[-11]
You take 11 damage, and now have 10/62 hp.
You barely miss the troll. The troll bites you!
You die...

Skill      XL: |  1  2  3  4  5  6  7 |
---------------+----------------------+-----
Dodging        | 2 3 |  3.1
Fighting       | 2 3 |  3.3
Shapeshifting  | 4 5 |  5.0
Unarmed Combat | 4 |  4.4

Action                     |  1- 3 |  4- 6 |  7- 9 || total
---------------------------+-------+-------+-------++-------
  Melee: Unarmed           |    79 |    68 |     9 ||   156
         Punch             |     2 |     3 |     1 ||     6
Ability: Spit Poison       |    19 |    27 |     4 ||    50
  Evoke: Wand              |       |    10 |     2 ||    12
    Use: Potion            |     1 |     3 |     3 ||     7
         Scroll            |       |     5 |     2 ||     7
 Armour: Animal skin       |    16 |     8 |       ||    24
         Skin              |       |     3 |       ||     3
  Dodge: Dodged            |    39 |    26 |    13 ||    78
  Block: Other             |       |     9 |       ||     9

Levels and vault maps discovered:
D:1:      minmay_arrival_nine_rooms, layout_basic
D:2:      layout_basic, basic_altar, basic_ecumenical_altar, uniq_terence,
          uniq_robin
D:3:      layout_basic, grunt_ministairs_1
D:4:      layout_cave_pods, nicolae_ashenzari_skybound
D:5:      layout_basic, general_overflow_altar, serial_shops,
          nicolae_shop_gaudy_bauble, uniq_crazy_yiuf_cottage, uniq_eustachio,
          uniq_ijyb
D:6:      layout_cave_pools, minmay_temple_entry_junction_2,
          nicolae_ossuary_entry_giza, minmay_lizard_king
Temple:   zaba_magenta_temple

Notes
Turn   | Place    | Note
-------+----------+-------------------------------------------
     0 | D:1      | kae the Naga Shapeshifter began the quest for the Orb.
     0 | D:1      | Reached XP level 1. HP: 18/18 MP: 1/1
     0 | D:1      | magus.rc [v1.11.3]
   101 | D:1      | HP: 3/18 [kobold/+0 dagger (3)]
   103 | D:1      | Reached XP level 2. HP: 5/25 MP: 2/2
   586 | D:2      | Noticed Terence
   682 | D:2      | Reached XP level 3. HP: 31/31 MP: 3/3
   857 | D:2      | Found an ancient bone altar of Kikubaaqudgha.
  1056 | D:2      | Reached skill level 2 in Dodging
  1075 | D:2      | Noticed Robin
  1096 | D:2      | Killed Robin
  1097 | D:2      | Reached XP level 4. HP: 27/39 MP: 4/4
  1495 | D:2      | Reached skill level 2 in Fighting
  1699 | D:2      | Killed Terence
  1853 | D:2      | Found a faded altar of an unknown god.
  1939 | D:3      | Reached XP level 5. HP: 45/45 MP: 5/5
  2163 | D:3      | You pick up a book of Air and begin reading...
  2163 | D:3      | You add the spells Shock, Swiftness and Airstrike to your
                  | library.
  2549 | D:4      | You pick up a book of Debilitation and begin reading...
  2549 | D:4      | You add the spells Slow, Vampiric Draining and Confusing
                  | Touch to your library.
  2619 | D:4      | Reached skill level 4 in Shapeshifting
  2641 | D:4      | You add the spells Haunt, Borgnjor's Revivification and
                  | Death's Door to your library.
  2784 | D:4      | Found a broken altar of Ashenzari.
  3211 | D:5      | Entered Level 5 of the Dungeon
  3300 | D:5      | Noticed an ogre
  3499 | D:5      | Noticed Eustachio
  3521 | D:5      | Killed Eustachio
  3522 | D:5      | Reached skill level 4 in Unarmed Combat
  3522 | D:5      | Reached XP level 6. HP: 24/55 MP: 6/6
  3641 | D:5      | Reached skill level 3 in Fighting
  3694 | D:5      | Noticed Ijyb
  3991 | D:5      | You pick up a book of Spatial Translocations and begin
                  | reading...
  3991 | D:5      | You add the spells Blink, Momentum Strike and Lesser
                  | Beckoning to your library.
  4023 | D:5      | You pick up a book of Callings and begin reading...
  4023 | D:5      | You add the spells Summon Small Mammal, Call Canine
                  | Familiar and Summon Guardian Golem to your library.
  4119 | D:5      | Found a hazy altar of Hepliaklqana.
  4155 | D:5      | Noticed a water moccasin
  4157 | D:5      | Reached skill level 3 in Dodging
  4157 | D:5      | Reached XP level 7. HP: 62/62 MP: 7/7
  4361 | D:6      | Reached skill level 5 in Shapeshifting
  4361 | D:6      | Noticed a troll
  4380 | D:6      | Found a staircase to the Ecumenical Temple.
  4386 | D:6      | Noticed a wyvern
  4389 | Temple   | Entered the Ecumenical Temple
  4402 | Temple   | Became a worshipper of Cheibriados the Contemplative
  4422 | Temple   | HP: 10/62 [troll (7)]
  4423 | Temple   | Slain by a troll

Vanquished Creatures
  Eustachio (D:5)
  2 ogres
  A jelly (D:5)
  Terence (D:2)
  An iguana (D:4)
  Robin (D:2)
  7 adders
  A gnoll (D:5)
  A white imp (D:5)
  2 dart slugs (D:1)
  5 ball pythons
  2 bats
  4 endoplasms
  3 giant cockroaches
  9 goblins
  11 hobgoblins
  11 kobolds
  3 quokkas
  4 frilled lizards
  4 rats
74 creatures vanquished.

Table legend:
 A = Non-vault XP
 B = Vault XP
 C = Vault XP percentage of total XP
 D = Non-vault monster count
 E = Vault monster count
 F = Vault count percentage of total count
                 A         B        C        D         E       F
            +---------+---------+-------+---------+---------+-------
      Total |     520 |     275 |  34.6 |      60 |      14 |  18.9
            +---------+---------+-------+---------+---------+-------
        D:1 |      31 |       0 |   0.0 |      16 |       0 |   0.0
        D:2 |      50 |      73 |  59.3 |      18 |      13 |  41.9
        D:3 |      40 |       0 |   0.0 |      10 |       0 |   0.0
        D:4 |      61 |       0 |   0.0 |       9 |       0 |   0.0
        D:5 |     217 |     202 |  48.2 |       6 |       1 |  14.3
        D:6 |     121 |       0 |   0.0 |       1 |       0 |   0.0
            +---------+---------+-------+---------+---------+-------

Skill      XL: |  1  2  3  4  5  6  7 |
---------------+----------------------+-----
Dodging        | 2 3 |  3.1
Fighting       | 2 3 |  3.3
Shapeshifting  | 4 5 |  5.0
Unarmed Combat | 4 |  4.4

Action                     |  1- 3 |  4- 6 |  7- 9 || total
---------------------------+-------+-------+-------++-------
  Melee: Unarmed           |    79 |    68 |     9 ||   156
         Punch             |     2 |     3 |     1 ||     6
Ability: Spit Poison       |    19 |    27 |     4 ||    50
  Evoke: Wand              |       |    10 |     2 ||    12
    Use: Potion            |     1 |     3 |     3 ||     7
         Scroll            |       |     5 |     2 ||     7
 Armour: Animal skin       |    16 |     8 |       ||    24
         Skin              |       |     3 |       ||     3
  Dodge: Dodged            |    39 |    26 |    13 ||    78
  Block: Other             |       |     9 |       ||     9

Illustrated notes

Table legend:
 A = Kills in this place as a percentage of kills in the entire game.
 B = Kills by you in this place as a percentage of kills by you in the entire game.
 C = Kills by friends in this place as a percentage of kills by friends in the entire game.
 D = Other kills in this place as a percentage of other kills in the entire game.
 E = Experience gained in this place as a percentage of experience gained in the entire game.
 F = Experience gained in this place divided by the number of levels of this place that you have seen.
                   A       B       C       D       E      F
               +-------+-------+-------+-------+-------+----------------------
         Total | 100.0 | 100.0 |   N/A |   N/A | 100.0 | 113.6
       Dungeon | 100.0 | 100.0 |   N/A |   N/A | 100.0 | 132.5
               +-------+-------+-------+-------+-------+----------------------

Table legend: (Time is in decaauts)
 A = Elapsed time spent in this place.
 B = Non-inter-level travel time spent in this place.
 C = Inter-level travel time spent in this place.
 D = Time resting spent in this place.
 E = Time spent auto-exploring this place.
 F = Levels seen in this place.
 G = Mean time per level.
                   A        B        C        D        E       F      G
               +--------+--------+--------+--------+--------+-----+--------+
         Total |   5781 |   5413 |    368 |    271 |   4421 |   7 |  825.9 |
       Dungeon |   5735 |   5367 |    368 |    271 |   4421 |   6 |  955.8 |
        Temple |     45 |     45 |      0 |      0 |      0 |   1 |   45.0 |
               +--------+--------+--------+--------+--------+-----+--------+

Top non-repeatable levels by time:
     D:2: 1660 daAuts
     D:5: 1305 daAuts
     D:4: 1145 daAuts
     D:1: 808 daAuts
     D:3: 751 daAuts
     D:6: 64 daAuts
  Temple: 45 daAuts
